 Dungeon Crawl Stone Soup version 0.32-a0-22-g6ae6769602 (webtiles) character file.

Game seed: 14664179037270879450

17098 voltaire321 the Toxicologist (level 12, -3/84 (86) HPs)
             Began as a Merfolk Alchemist on Jan 19, 2024.
             Was an Elder of Hepliaklqana.
             Slain by a minotaur
             ... wielding a +4 vampiric bardiche
              (10 damage)
             ... in a Gauntlet.
             The game lasted 00:46:52 (13101 turns).

voltaire321 the Toxicologist (Merfolk Alchemist)   Turns: 13101, Time: 00:46:52

HP:   -3/84 (86)    AC: 11    Str:  9    XL:     12   Next: 44%
MP:   17/21         EV: 23    Int: 21    God:    Hepliaklqana [****..]
Gold: 514           SH:  0    Dex: 15    Spells: 16/23 levels left

rFire   + + +        T - +6 spear of Midwinter {flame, rPois rN+}
rCold   . . .        (no shield)
rNeg    + . .        S - +0 steam dragon scales
rPois   +            u - +0 helmet
rElec   .            k - +0 cloak
rCorr   .            t - +2 pair of gloves
SInv    .            (no boots)
Will    .....        U - amulet "Oxish" {Acrobat ^Contam Fly rF+++ Str-3}
Stlth   ++           Y - +6 ring of intelligence
HPRegen 0.34/turn    z - +5 ring of evasion
MPRegen 0.17/turn

%: no teleportation, acrobat
@: flying, lightly drained
A: reduced essence, (nimble swimmer 2), mertail
a: Renounce Religion, Recall Ancestor, Ancestor Identity, Transference, Idealise


You were in a Gauntlet.
You worshipped Hepliaklqana.
Hepliaklqana was greatly pleased with you.
You visited 3 branches of the dungeon, and saw 13 of its levels.
You also visited: Sewer, Ossuary and Gauntlet.

You collected 891 gold pieces.
You spent 377 gold pieces at shops.

Inventory:

Hand Weapons
 N - a +2 vampiric trident
 T - the +6 spear of Midwinter (weapon) {flame, rPois rN+}
   (You found it on level 9 of the Dungeon)

   rPois:     It protects you from poison rN+: It protects you from negative
   energy.
 W - a +1 vampiric scimitar
Missiles
 F - 8 curare-tipped darts
Armour
 k - a +0 cloak (worn)
 t - a +2 pair of gloves (worn)
 u - a +0 helmet (worn)
 x - a +1 leather armour of cold resistance
 E - a +1 hat of intelligence
 S - +0 steam dragon scales (worn)
Jewellery
 d - a ring of poison resistance
 z - a +5 ring of evasion (right hand)
 U - the amulet "Oxish" (around neck) {Acrobat ^Contam Fly rF+++ Str-3}
   (You found it in a Gauntlet)

   [amulet of the acrobat]

   Acrobat:   It increases your evasion while moving and waiting.
   Str-3:     It affects your strength (-3).
   rF+++:     It renders you almost immune to fire.
   Fly:       It grants you flight.
   ^Contam:   It causes magical contamination when unequipped.
 Y - a +6 ring of intelligence (left hand)
Wands
 n - a wand of flame (40)
 w - a wand of charming (18)
 C - a wand of quicksilver (8)
 M - a wand of mindburst (2)
 Q - a wand of polymorph (10)
 X - a wand of digging (3)
 Z - a wand of roots (2)
Scrolls
 a - 8 scrolls of teleportation
 c - 3 scrolls of blinking {unknown}
 f - 3 scrolls of fog {unknown}
 g - 2 scrolls of vulnerability {unknown}
 j - 3 scrolls of fear {unknown}
 m - a scroll of revelation
 p - 3 scrolls of immolation {unknown}
 r - 4 scrolls of poison {unknown}
 s - 4 scrolls of silence {unknown}
 v - 2 scrolls of acquirement {unknown}
 y - a scroll of torment {unknown}
 D - 4 scrolls of enchant weapon
 I - a scroll of noise {unknown}
 J - a scroll of amnesia {unknown}
 O - 3 scrolls of enchant armour
 R - a scroll of brand weapon {unknown}
Potions
 b - 2 potions of magic
 e - 3 potions of haste
 h - a potion of resistance
 i - 3 potions of enlightenment
 l - 2 potions of mutation
 o - 10 potions of curing
 q - a potion of attraction {unknown}
 A - a potion of cancellation {unknown}
 B - 4 potions of brilliance
 G - 2 potions of might
 H - a potion of lignification {unknown}
 K - 2 potions of invisibility {unknown}
 L - 3 potions of heal wounds
 P - a potion of ambrosia
 V - a potion of berserk rage {unknown}


   Skills:
 + Level 9.5 Fighting
 + Level 2.7 Polearms
 - Level 5.0 Armour
 + Level 11.6 Dodging
 - Level 2.1 Stealth
 - Level 6.0 Spellcasting
 - Level 5.0 Conjurations
 + Level 12.0 Alchemy
 + Level 8.3 Invocations


You had 16 spell levels left.
You knew the following spells:

 Your Spells              Type           Power      Damage    Failure   Level
a - Sting                 Conj/Alch      100%       1d9       1%          1
b - Olgreb's Toxic Radia  Alch           54%        N/A       1%          4
c - Mercury Vapours       Alch/Air       62%        N/A       1%          2

Your spell library contained the following spells:

 Spells                   Type           Power      Damage    Failure   Level
 Mephitic Cloud           Conj/Alch/Air  30%        N/A       3%          3
 Momentum Strike          Conj/Tloc      32%        3d8       5%          2
 Leda's Liquefaction      Alch/Erth      15%        N/A       9%          4
 Sticky Flame             Fire/Alch      31%        2d7       9%          4
 Summon Small Mammal      Summ           24%        N/A       10%         1
 Dazzling Flash           Conj/Hex       32%        N/A       11%         3
 Stone Arrow              Conj/Erth      32%        3d9       11%         3
 Blink                    Tloc           12%        N/A       14%         2
 Lesser Beckoning         Tloc           12%        N/A       14%         2
 Call Canine Familiar     Summ           6%         N/A       28%         3
 Sigil of Binding         Hex            6%         N/A       28%         3
 Tukima's Dance           Hex            6%         N/A       28%         3
 Volatile Blastmotes      Fire/Tloc      12%        2d11      28%         3
 Brom's Barrelling Bould  Conj/Erth      16%        2d4       34%         4
 Iskenderun's Mystic Bla  Conj/Tloc      16%        2d5       34%         4
 Animate Armour           Summ/Erth      12%        N/A       67%         4
 Dimensional Bullseye     Hex/Tloc       3%         N/A       67%         4
 Summon Blazeheart Golem  Fire/Summ      6%         N/A       67%         4
 Freezing Cloud           Conj/Ice/Air   6%         6-21      80%         5
 Lee's Rapid Deconstruct  Erth           3%         3d5*      95%         5
 Bombard                  Conj/Erth      8%         9d2       99%         6
 Starburst                Conj/Fire      8%         6d4       99%         6
 Ozocubu's Refrigeration  Ice            3%         4d8       100%        7
 Discord                  Hex            3%         N/A       100%        8
 Lehudib's Crystal Spear  Conj/Erth      8%         10d3      100%        8
 Maxwell's Capacitive Co  Air            3%         ∞         100%        8


Dungeon Overview and Level Annotations

Branches:
Dungeon (10/15)            Temple (1/1) D:5            Lair (2/5) D:8
 Spider (0/4) Lair:2        Sewer (visited)         Ossuary (visited)
Gauntlet (1/1)
  Swamp: Lair:2-3    Shoals: Lair:2-3       Orc: D:9-12

Altars:
Ashenzari
Cheibriados
Dithmenos
Elyvilon
Fedhas
Gozag
Hepliaklqana
Kikubaaqudgha
Makhleb
Nemelex Xobeh
Okawaru
Qazlal
Ru
Sif Muna
Trog
Uskayaw
Vehumet
Wu Jian
Xom
Yredelemnul
Zin
The Shining One

Shops:
D:5 ?   D:7 *??   D:9 [

Annotations:
Temple 4 transporters Gauntlet 6 transporters, 21 runed translucent doors


Innate Abilities, Weirdness & Mutations

Your life essence is reduced to manifest your ancestor. (-10% HP)
((You are very nimble when in or above water. (Stealth+, EV+, Speed+++)))
Your lower body shifts to a powerful aquatic tail in water.


Message History

Press: ? - help, Q - select action, (/) - cycle Shift-Dir - straight line, f - minotaur
Aim: a minotaur, wielding a +4 vampiric bardiche, wearing a +0 chain mail and quivering javelins (lightly wounded, poisoned, ally target, 87% to hit)
Appia avoids your attack.
The sting hits the minotaur but does no damage.
The minotaur looks even sicker.
The minotaur is lightly wounded.
The minotaur hits Appia with a +4 vampiric bardiche!!
Appia is destroyed!
Found a potion of degeneration.
The minotaur misses you.
There is an open door here.
The minotaur looks even sicker.
Your toxic aura wanes.
The minotaur barely misses you. The minotaur gores you!
You hit the minotaur but do no damage.
The minotaur is moderately wounded.
The minotaur completely misses you. The minotaur closely misses you.
You barely miss the minotaur.
The minotaur is moderately wounded.
The minotaur hits you with a +4 vampiric bardiche!
The minotaur completely misses you.
You closely miss the minotaur.
The minotaur is moderately wounded.
The minotaur hits you with a +4 vampiric bardiche!
The minotaur draws strength from your wounds!
The minotaur barely misses you.
You hit the minotaur. You burn the minotaur.
The minotaur is moderately wounded.
The minotaur hits you with a +4 vampiric bardiche!
The minotaur completely misses you.
You hit the minotaur but do no damage.
The minotaur is moderately wounded.
The minotaur hits you with a +4 vampiric bardiche!!!
* * * LOW HITPOINT WARNING * * *
The minotaur draws strength from your wounds!
The minotaur gores you but does no damage.
You feel much better.
The minotaur hits you with a +4 vampiric bardiche!!
* * * LOW HITPOINT WARNING * * *
The minotaur gores you!
You die...

### #!# ##'###
#.⌠..# #...⌠+
+⌠...# #.H∩.# #@#
#######'#######
#.............#
#.###.###.###.#
#.............#
##.###.###.###
#####.###.###.#####
#≈...............≈#
###
#8.8.8..©.©..8.8.8#
###


You could see a minotaur (very poisoned).

Vanquished Creatures
  2 two-headed ogres
  A fire crab (Gauntlet)
  An arcanist (Gauntlet)
  A black mamba (Lair:1)
  An elephant (D:8)
  Jeremiah (D:6)
  A komodo dragon (Lair:1)
  A rime drake (Lair:1)
  A wyvern (D:10)
  A shadow (D:10)
  20 yaks
  4 fire bats (Gauntlet)
  Menkaure (D:5)
  Duvessa (D:7)
  3 hell hounds (Gauntlet)
  A sky beast (D:7)
  4 laughing skulls (Gauntlet)
  A crocodile (Sewer)
  A black bear (D:7)
  An ogre (D:5)
  4 centaurs
  3 phantoms
  A weeping skull (Gauntlet)
  6 kobold brigands
  A brain worm (Sewer)
  A gnoll sergeant (D:8)
  11 scorpions
  A bullfrog (D:7)
  6 wights
  Dowan (D:7)
  2 killer bees (D:10)
  A howler monkey (D:10)
  A bombardier beetle (D:6)
  5 hounds
  A human zombie (Ossuary)
  A lava snake (D:8)
  6 orc priests
  Ijyb (D:4)
  A hexer (D:8)
  9 scorpion zombies
  2 iguanas
  12 orc wizards
  A hound zombie (D:2)
  3 mummies (Ossuary)
  13 adders
  7 gnolls
  2 howler monkey skeletons (D:6)
  4 river rats
  A shadow imp (D:4)
  2 white imps
  2 ufetubi (D:7)
  An adder zombie (Ossuary)
  An adder skeleton (D:2)
  3 dart slugs
  7 ribbon worms
  26 orcs
  A bat skeleton (D:2)
  4 endoplasms
  3 giant cockroaches
  6 goblins
  6 hobgoblins
  5 jackals (Sewer)
  31 kobolds
  7 quokkas
  9 ball pythons
  A ball python zombie (Ossuary)
  2 bats
  2 frilled lizards (Sewer)
  3 gnoll zombies (Ossuary)
  A jackal skeleton (D:2)
  6 jackal zombies (Ossuary)
  3 orc zombies (Ossuary)
  12 rats
300 creatures vanquished.

Vanquished Creatures (collateral kills)
  A skyshark (Lair:1)
  2 cane toads
  3 basilisks
  A wyvern (D:8)
  10 yaks
  A steam dragon (D:8)
  A water moccasin (Lair:1)
  2 black bears (D:7)
  A sky beast (D:7)
  2 orc warriors
  A centaur (D:9)
  A kobold brigand (D:8)
  A bullfrog (Lair:1)
  2 gnoll sergeants
  6 wights
  A killer bee (D:10)
  A hound (D:7)
  2 orc priests
  3 gnolls (D:8)
  A shadow imp (Gauntlet)
  2 white imps
  4 orcs
49 creatures vanquished.

Vanquished Creatures (others)
  A yak (D:9)
  An ancestor (D:7)
  8 hexers
  A hobgoblin (D:4)
11 creatures vanquished.

Grand Total: 360 creatures vanquished

Notes
Turn   | Place    | Note
-------+----------+-------------------------------------------
     0 | D:1      | voltaire321 the Merfolk Alchemist began the quest for the
                  | Orb.
     0 | D:1      | Reached XP level 1. HP: 13/13 MP: 3/3
   374 | D:1      | Reached XP level 2. HP: 20/20 MP: 1/5
   547 | D:1      | Reached skill level 1 in Conjurations
   907 | D:2      | Reached skill level 1 in Fighting
   907 | D:2      | Reached XP level 3. HP: 26/26 MP: 1/6
  1310 | D:2      | Reached XP level 4. HP: 25/32 MP: 7/7
  1402 | D:2      | Found a glowing golden altar of the Shining One.
  1716 | D:2      | Learned a level 4 spell: Olgreb's Toxic Radiance
  1873 | D:3      | Found a shimmering altar of Xom.
  1987 | D:3      | Found a radiant altar of Vehumet.
  2012 | D:3      | Reached skill level 1 in Armour
  2027 | D:3      | Found an ancient bone altar of Kikubaaqudgha.
  2032 | D:3      | Reached XP level 5. HP: 38/38 MP: 5/8
  2037 | D:3      | Found a shimmering blue altar of Sif Muna.
  2105 | D:3      | Found a shadowy altar of Dithmenos.
  2871 | D:4      | Noticed Ijyb
  2918 | D:4      | Reached skill level 5 in Alchemy
  2969 | D:4      | Killed Ijyb
  2970 | D:4      | Reached XP level 6. HP: 39/44 MP: 4/10
  3309 | D:4      | HP: 2/46 [something (2)]
  3332 | D:4      | Reached XP level 7. HP: 9/51 MP: 5/11
  4076 | D:5      | Entered Level 5 of the Dungeon
  4313 | D:5      | Found a glowing drain.
  4318 | Sewer    | Entered a sewer
  4341 | Sewer    | Reached skill level 5 in Dodging
  4561 | Sewer    | Reached skill level 6 in Alchemy
  4829 | Sewer    | Learned a level 2 spell: Mercury Vapours
  4942 | Sewer    | Reached XP level 8. HP: 51/60 MP: 1/13
  5387 | D:5      | Found a snail-covered altar of Cheibriados.
  5402 | D:5      | Noticed Menkaure
  5421 | D:5      | Killed Menkaure
  5532 | D:5      | Found a staircase to the Ecumenical Temple.
  5538 | Temple   | Found a transporter.
  5538 | Temple   | Found a transporter.
  5538 | Temple   | Found a transporter.
  5538 | Temple   | Found a transporter.
  5538 | Temple   | Entered the Ecumenical Temple
  5859 | D:5      | Found Fufaewk's Magic Scroll Shoppe.
  5862 | D:5      | Bought a scroll of revelation for 90 gold pieces
  5862 | D:5      | Bought a scroll of identify for 24 gold pieces
  5951 | D:5      | Found a hide-covered altar of Uskayaw.
  6374 | D:6      | Found a hazy altar of Hepliaklqana.
  6381 | D:6      | Became a worshipper of Hepliaklqana the Forgotten
  6492 | D:6      | Found a sand-covered staircase.
  6516 | Ossuary  | Entered an ossuary
  6568 | Ossuary  | Reached skill level 1 in Invocations
  6662 | Ossuary  | Reached skill level 7 in Alchemy
  6691 | Ossuary  | Reached XP level 9. HP: 54/66 MP: 15/15
  7067 | D:6      | Reached skill level 5 in Fighting
  7451 | D:6      | Noticed Jeremiah
  7470 | D:6      | Killed Jeremiah
  7471 | D:6      | Reached skill level 5 in Spellcasting
  7706 | D:7      | Reached * piety under Hepliaklqana
  7817 | D:7      | Found Guiss's Magic Scroll Emporium.
  7832 | D:7      | Bought a scroll of teleportation for 30 gold pieces
  7832 | D:7      | Bought a scroll of enchant armour for 75 gold pieces
  7878 | D:7      | Found Valej's Assorted Antiques.
  7887 | D:7      | Bought a dark potion for 32 gold pieces
  7917 | D:7      | Reached skill level 8 in Alchemy
  8002 | D:7      | Reached XP level 10. HP: 43/68 MP: 12/18
  8086 | D:7      | Found a sparkling altar of Nemelex Xobeh.
  8227 | D:7      | Found an ornate altar of the Wu Jian Council.
  8239 | D:7      | Found a bloodstained altar of Trog.
  8330 | D:7      | Noticed Duvessa
  8332 | D:7      | Noticed Dowan
  8345 | D:7      | Killed Duvessa
  8349 | D:7      | Killed Dowan
  8383 | D:7      | Found Juraxig's Magic Scroll Shoppe.
  8387 | D:7      | Bought a scroll of teleportation for 36 gold pieces
  8387 | D:7      | Bought a scroll of enchant weapon for 90 gold pieces
  8653 | D:7      | Found a blossoming altar of Fedhas.
  8822 | D:8      | Reached ** piety under Hepliaklqana
  8823 | D:8      | Remembered your ancestor Appia as a hexer
  9014 | D:8      | Found a burning altar of Makhleb.
  9152 | D:8      | Noticed an elephant
  9153 | D:8      | Found a staircase to the Lair.
  9189 | D:8      | Killed an elephant
  9205 | D:8      | Reached skill level 9 in Alchemy
  9206 | D:8      | Reached skill level 5 in Conjurations
  9209 | D:8      | Reached skill level 5 in Invocations
  9340 | D:8      | Reached XP level 11. HP: 74/74 MP: 18/20
  9720 | D:9      | Reached skill level 5 in Armour
  9819 | D:9      | Identified the +6 spear of Midwinter {flame, rPois rN+}
  9827 | D:9      | Found Beitt's Antique Armour Boutique.
  9876 | D:9      | Noticed a two-headed ogre
 10080 | D:9      | Found a sparkling altar of Nemelex Xobeh.
 10083 | D:9      | Reached *** piety under Hepliaklqana
 10240 | D:9      | Reached skill level 10 in Alchemy
 10465 | D:9      | Found a sacrificial altar of Ru.
 10479 | D:9      | Killed a two-headed ogre
 10770 | D:10     | Entered Level 10 of the Dungeon
 11303 | D:10     | Found an iron altar of Okawaru.
 11304 | D:10     | Noticed a two-headed ogre
 11316 | D:10     | Killed a two-headed ogre
 11317 | D:10     | Reached skill level 10 in Dodging
 11517 | Lair:1   | Entered Level 1 of the Lair of Beasts
 11827 | Lair:1   | Reached skill level 11 in Alchemy
 12003 | Lair:1   | Reached XP level 12. HP: 78/84 MP: 15/21
 12011 | Lair:1   | Got the Octavo of Synthesis and Combat Magic
 12114 | Lair:1   | Noticed a skyshark
 12121 | Lair:1   | Killed a skyshark
 12342 | Lair:1   | Reached **** piety under Hepliaklqana
 12442 | Lair:2   | Found a gate leading to a gauntlet.
 12475 | Gauntlet | Entered a Gauntlet
 12475 | Gauntlet | Found a transporter.
 12475 | Gauntlet | Found a transporter.
 12476 | Gauntlet | Found a transporter.
 12478 | Gauntlet | Found a transporter.
 12479 | Gauntlet | Found a transporter.
 12479 | Gauntlet | Found a transporter.
 12489 | Gauntlet | Found a transporter.
 12493 | Gauntlet | Found a transporter.
 12495 | Gauntlet | Found a large runed translucent door.
 12496 | Gauntlet | Found a large runed translucent door.
 12497 | Gauntlet | Found a large runed translucent door.
 12497 | Gauntlet | Found a large runed translucent door.
 12497 | Gauntlet | Found a runed translucent door.
 12498 | Gauntlet | Found a large runed translucent door.
 12499 | Gauntlet | Found a large runed translucent door.
 12500 | Gauntlet | Found a large runed translucent door.
 12500 | Gauntlet | Found a large runed translucent door.
 12501 | Gauntlet | Found a runed translucent gate.
 12503 | Gauntlet | Noticed a ghost crab
 12509 | Gauntlet | Found a transporter.
 12608 | Gauntlet | Found a transporter.
 12610 | Gauntlet | Found a transporter.
 12610 | Gauntlet | Found a large runed translucent door.
 12611 | Gauntlet | Found a large runed translucent door.
 12612 | Gauntlet | Found a large runed translucent door.
 12612 | Gauntlet | Found a large runed translucent door.
 12612 | Gauntlet | Found a runed translucent door.
 12613 | Gauntlet | Found a large runed translucent door.
 12614 | Gauntlet | Found a large runed translucent door.
 12615 | Gauntlet | Found a large runed translucent door.
 12615 | Gauntlet | Found a large runed translucent door.
 12616 | Gauntlet | Found a runed translucent gate.
 12616 | Gauntlet | Found a runed translucent gate.
 12618 | Gauntlet | Found a transporter.
 12692 | Gauntlet | Reached skill level 1 in Polearms
 13027 | Gauntlet | Reached skill level 12 in Alchemy
 13032 | Gauntlet | Identified the amulet "Oxish" {Acrobat ^Contam Fly rF+++
                  | Str-3}
 13090 | Gauntlet | Noticed a minotaur
 13101 | Gauntlet | Slain by a minotaur

Illustrated notes

Levels and vault maps discovered:
D:1:      onia_arrival_mini_maze_b, layout_loops_ring, serial_glass,
          glass_columns_a, glass_columns_b, glass_columns_a, glass_columns_a,
          glass_columns_a, glass_columns_a
D:2:      layout_basic, basic_altar, serial_undead, serial_undead_c,
          serial_undead_c, serial_undead_e, serial_undead_e
D:3:      layout_basic, palyth_temple_overflow_mages, grunt_dithmenos_smoke,
          xom_butterflies, mrwooster_statue_mirror
D:4:      minmay_clustersquares, layout_loops_ring, uniq_ijyb
D:5:      layout_loops_corners, mainiacjoe_overflow_24_doors, lemuel_tele_altar,
          minmay_temple_entry_hall, lightli_sewer_entry_pipes, serial_shops,
          nicolae_shop_real_fake_doors, chequers_serial_rivers_micro_e,
          uniq_menkaure
D:6:      layout_basic, nzn_hepliaklqana_mist_gate,
          mainiacjoe_ossuary_entry_find_the_door, uniq_jeremiah
D:7:      layout_gridville, nzn_wu_jian_council_hall,
          fedhas_altar_decomposition, trog_ov_bears_minmay, serial_shops,
          kennysheep_mini, shop, shop, minmay_ruined_shrine, uniq_duvessa
D:8:      layout_gridville, lightli_temple_of_fire, david_lair_generic,
          nicolae_tricolors
D:9:      layout_irregular_city, amcnicky_altar_gilded,
          mainiacjoe_overflow_catwalk, serial_shops, nicolae_shop_hallway_plus
D:10:     layout_loops_ring, mainiacjoe_overflow_tiny_flanked
Temple:   hellmonk_temple_divided_pantheon
Lair:1:   layout_misc_corridors
Lair:2:   layout_regular_city, spider_nest_entry_rubble, gauntlet_entry_generic,
          grunt_megastairs_1, serial_bayou_shore_a, lemuel_fruit_tree,
          serial_bayou_shore_b
Gauntlet: gammafunk_gauntlet_hard_choice [nicolae_gauntlet_arena_blocks,
          gammafunk_gauntlet_arena_arrow_garden,
          gammafunk_gauntlet_arena_split_x, gammafunk_gauntlet_arena_hedges,
          minmay_gauntlet_arena_make_your_own_arena,
          nicolae_gauntlet_arena_grate_2, gauntlet_exit_hidden_loot]

Skill      XL: |  1  2  3  4  5  6  7  8  9 10 11 12 |
---------------+-------------------------------------+-----
Dodging        | 3 4 5 6 7 8 10 11 | 11.6
Conjurations   | 1 2 3 4 5 |  5.0
Fighting       | 1 2 3 4 5 6 8 9 |  9.5
Armour         | 1 2 3 4 5 |  5.0
Alchemy        | 5 6 7 8 9 11 12 | 12.0
Spellcasting   | 3 4 5 6 |  6.0
Invocations    | 1 3 5 7 8 |  8.3
Polearms       | 2 |  2.7
Stealth        | |  2.1

Action                     |  1- 3 |  4- 6 |  7- 9 | 10-12 || total
---------------------------+-------+-------+-------+-------++-------
  Melee: Whip              |    33 |   113 |   395 |       ||   541
         Tailslap          |       |       |     9 |     4 ||    13
         Punch             |       |       |     8 |     7 ||    15
         Trident           |       |       |    29 |   135 ||   164
         Spear             |       |       |       |   200 ||   200
  Throw: Dart              |       |       |     3 |       ||     3
   Cast: Sting             |    29 |    73 |   119 |    17 ||   238
         Mercury Vapours   |       |       |     3 |     1 ||     4
         Olgreb's Toxic Ra |       |       |     3 |    38 ||    41
 Invoke: Ancestor Life: He |       |       |       |     1 ||     1
  Evoke: Wand              |       |     1 |     3 |       ||     4
    Use: Potion            |       |     2 |       |     4 ||     6
         Scroll            |       |       |     6 |     4 ||    10
   Stab: Sleeping          |       |       |     2 |       ||     2
         Distracted        |       |       |     1 |     5 ||     6
         Confused          |       |       |       |     7 ||     7
 Armour: Robe              |     6 |       |       |       ||     6
         Leather armour    |     9 |    46 |       |       ||    55
         Ring mail         |       |    54 |   202 |    43 ||   299
         Steam dragon scal |       |       |       |    96 ||    96
  Dodge: Dodged            |    28 |    57 |   354 |   338 ||   777

Table legend: (Time is in decaauts)
 A = Elapsed time spent in this place.
 B = Non-inter-level travel time spent in this place.
 C = Inter-level travel time spent in this place.
 D = Time resting spent in this place.
 E = Time spent auto-exploring this place.
 F = Levels seen in this place.
 G = Mean time per level.
                   A        B        C        D        E       F      G
               +--------+--------+--------+--------+--------+-----+--------+
         Total |  13034 |  12681 |    353 |   1780 |   6991 |  16 |  814.6 |
       Dungeon |  10125 |   9781 |    344 |   1050 |   6085 |  10 | 1012.5 |
        Temple |     15 |     15 |      0 |      0 |      0 |   1 |   15.0 |
          Lair |    964 |    955 |      9 |    233 |    504 |   2 |  482.0 |
         Sewer |    777 |    777 |      0 |    191 |    295 |   1 |  777.0 |
       Ossuary |    525 |    525 |      0 |     46 |    107 |   1 |  525.0 |
      Gauntlet |    625 |    625 |      0 |    260 |      0 |   1 |  625.0 |
               +--------+--------+--------+--------+--------+-----+--------+

Top non-repeatable levels by time:
     D:5: 1254 daAuts
     D:4: 1214 daAuts
     D:3: 1186 daAuts
     D:8: 1129 daAuts
     D:7: 1075 daAuts
     D:9: 1038 daAuts
  Lair:1: 915 daAuts
     D:2: 866 daAuts
     D:1: 854 daAuts
     D:6: 819 daAuts
   Sewer: 777 daAuts
    D:10: 686 daAuts
Gauntlet: 625 daAuts
 Ossuary: 525 daAuts
  Lair:2: 49 daAuts
